 Dungeon Crawl Stone Soup version 0.29.0-11-gd7f09526c8 (webtiles) character file.

Game seed: 12419866823793644149

41 Ordine the Trooper (level 3, 0/24 HPs)
             Began as a Gargoyle Fighter on Sept 4, 2022.
             Killed by nerve-wracking pain
             ... invoked by Jessica
              (5 damage)
             ... on level 2 of the Dungeon.
             The game lasted 00:01:37 (1066 turns).

Ordine the Trooper (Gargoyle Fighter)               Turns: 1066, Time: 00:01:38

Health: 0/24       AC: 10    Str: 21    XL:     3   Next: 52%
Magic:  3/3        EV:  9    Int:  8    God:
Gold:   60         SH:  4    Dex:  9    Spells: 2/2 levels left

rFire   . . .      SeeInvis .   a - +0 flail
rCold   . . .      Faith    .   c - +0 buckler
rNeg    + . .      Spirit   .   b - +0 scale mail
rPois   ∞          Reflect  .   (no helmet)
rElec   +          Harm     .   (no cloak)
rCorr   .          Rampage  .   (no gloves)
Will    .....                   (no boots)
Stlth   ..........              (no amulet)
HPRegen 0.08/turn               (no ring)
MPRegen 0.08/turn               (no ring)

@: slowed, very slow
A: sickness immunity, AC +3, negative energy resistance 1, electricity
resistance, torment resistance 1, petrification resistance
a: no special abilities


You were on level 2 of the Dungeon.
You visited 1 branch of the dungeon, and saw 2 of its levels.

You collected 60 gold pieces.

Inventory:

Hand Weapons
 a - a +0 flail (weapon)
Armour
 b - a +0 scale mail (worn)
 c - a +0 buckler (worn)
Scrolls
 g - a scroll of silence {unknown}
 h - a scroll of identify {unknown}
 i - a scroll of brand weapon {unknown}
 j - a scroll of noise {unknown}
 l - a scroll of fear {unknown}
Potions
 d - a potion of might
 e - a potion of attraction {unknown}
 f - 2 potions of curing {unknown}
 k - a potion of mutation {unknown}


   Skills:
 + Level 3.7 Fighting
 * Level 3.0 Maces & Flails
 - Level 3.2 Armour
 + Level 3.7 Shields


You had 2 spell levels left.
You didn't know any spells.
Your spell library contained the following spells:

 Spells                   Type           Power      Damage    Failure   Level
 Magic Dart               Conj           0%         1d3       83%         1
 Call Imp                 Summ           0%         N/A       93%         2
 Mephitic Cloud           Conj/Pois/Air  0%         N/A       99%         3
 Summon Ice Beast         Ice/Summ       0%         N/A       100%        4
 Summon Mana Viper        Hex/Summ       0%         N/A       100%        5
 Monstrous Menagerie      Summ           0%         N/A       100%        7


Dungeon Overview and Level Annotations

Branches:
Dungeon (2/15)

Altars:

Annotations:
D:2 Jessica


Innate Abilities, Weirdness & Mutations

You are immune to sickness and miasma.
Your stone body is resilient. (AC +3)
You are immune to poison.
You resist negative energy. (rN+)
You are resistant to electric shocks. (rElec)
You are resistant to unholy torment.
You are immune to petrification.


Message History

An endoplasm and Jessica come into view.
Jessica is wielding a +2 dagger of speed.
The endoplasm quivers.
Jessica shouts!
You hear a shout!
A gnoll comes into view. It is wielding a +0 flail.
A bat comes into view.
Found 14 gold pieces.
Jessica drinks a potion.
Jessica seems to speed up.
The bat moves out of view.
You barely miss Jessica. Jessica casts a spell at you.
You barely resist. Jessica closely misses you.
You closely miss Jessica. Jessica hits you but does no damage.
Jessica closely misses you. The endoplasm hits you.
Jessica points at you and mumbles some strange words.
Pain shoots through your body!
You hit Jessica but do no damage. Jessica gestures at you while chanting.
You feel yourself slow down.
The endoplasm hits you but does no damage.
Jessica closely misses you. The endoplasm freezes you.
You are frozen.
You sock Jessica!
Jessica is almost dead.
Jessica hits you but does no damage.
Jessica points at you and mumbles some strange words.
Pain shoots through your body!
A goblin comes into view. It is wielding a +0 club.
The endoplasm freezes you.
You are frozen.
* * * LOW HITPOINT WARNING * * *
Jessica hits you but does no damage.
Jessica hits you with a +2 dagger of speed.
* * * LOW HITPOINT WARNING * * *
You block the endoplasm's attack.
Unknown command.
Unknown command.
Jessica gestures at you while chanting. Pain shoots through your body!
You die...

.### .... ##..#######
#..g.@@...###
#...J#~~~...#########
#....#~≈≈~..........#
g8....$#~≈≈~~......##.##
#.####.#~~≈≈~###.......##
# ..##~≈≈~~##...##.... .#
#~~≈≈~##...###... .
##~≈≈~~#...# ###.
#~~≈≈~#...# #.


You could see a gnoll, Jessica (fast) and an endoplasm.

Vanquished Creatures
  An adder (D:2)
  2 bats
  6 endoplasms (D:1)
  A giant cockroach (D:1)
  3 goblins
  6 hobgoblins
  3 kobolds
  A ball python (D:1)
  2 frilled lizards (D:1)
  3 rats
28 creatures vanquished.

Notes
Turn   | Place    | Note
-------+----------+-------------------------------------------
     0 | D:1      | Ordine the Gargoyle Fighter began the quest for the Orb.
     0 | D:1      | Reached XP level 1. HP: 14/14 MP: 1/1
   210 | D:1      | Reached XP level 2. HP: 19/19 MP: 2/2
   703 | D:1      | Reached XP level 3. HP: 23/23 MP: 3/3
  1059 | D:2      | Noticed Jessica
  1066 | D:2      | Killed from afar by Jessica

Illustrated notes

Levels and vault maps discovered:
D:1:      shiori_shiawase, layout_loops_ring, roderic_roman_lattice
D:2:      wander_river, layout_basic, kennysheep_crisscross,
          minmay_pentomino_q4, uniq_jessica

Skill      XL: |  1  2  3 |
---------------+----------+-----
Maces & Flails | 3 |  3.0
Fighting       | |  3.7
Armour         | |  3.2
Shields        | |  3.7

Action                   || total
-------------------------++-------
Melee: Flail             ||    59
Armor: Scale mail        ||    28
Dodge: Dodged            ||    30
Block: Buckler           ||     9
